 Dungeon Crawl Stone Soup version 0.26-a0-952-g76694b35de (webtiles) character file.

Game seed: 3195184305027648579

27844 marklar909 the Grappler (level 13, -1/124 HPs)
             Began as a Troll Delver on Nov 30, 2020.
             Was an Initiate of Gozag.
             Slain by an eight-headed hydra (7 damage)
             ... on level 5 of the Lair of Beasts.
             The game lasted 00:24:13 (14735 turns).

marklar909 the Grappler (Troll Delver)             Turns: 14735, Time: 00:24:14

Health: -1/124     AC: 12    Str: 23    XL:     13   Next: 6%
Magic:  22/22      EV: 15    Int: 11    God:    Gozag
Gold:   1377       SH:  0    Dex: 15    Spells: 12/12 levels left

rFire    + . .     SeeInvis .     - Unarmed
rCold    . . .     Faith    .   (no shield)
rNeg     . . .     Spirit   .   a - +0 steam dragon scales
rPois    .         Reflect  .   O - +3 hat of Pondering {ponderous, MR+ MP+10 Int+5}
rElec    .         Harm     .   l - scarf {repulsion}
rCorr    .         Rampage  .   (gloves unavailable)
MR       +....                  (boots unavailable)
Stlth    ++++......             s - amulet of the acrobat
HPRegen  0.70/turn              F - ring of protection from fire
MPRegen  0.18/turn              J - ring of stealth

@: gold aura, repel missiles, slow
A: large, unfitting armour, claws 3, regeneration 1, shaggy fur 1, tough skin 3
a: Potion Petition, Call Merchant, Bribe Branch, Renounce Religion


You were on level 5 of the Lair of Beasts.
You worshipped Gozag.
Gozag was most pleased with you.
You visited 2 branches of the dungeon, and saw 15 of its levels.

You collected 3383 gold pieces.
You spent 617 gold pieces at shops.
You paid 1389 gold pieces to Gozag.

Inventory:

Armour
 a - +0 steam dragon scales (worn)
 l - a scarf of repulsion (worn)
 B - a +2 hat
 L - a +1 cloak
 M - a +2 robe of magic resistance
 O - the +3 hat of Pondering (worn) {ponderous, MR+ MP+10 Int+5}
   (You took it off Gastronok on level 8 of the Dungeon)

   It affects your intelligence (+5).
   It affects your resistance to hostile enchantments.
   It affects your magic capacity (+10).
Jewellery
 n - an uncursed ring of wizardry
 s - an amulet of the acrobat (around neck)
 F - a ring of protection from fire (left claw)
 J - a ring of stealth (right claw)
 Q - an uncursed ring of magical power
Wands
 d - a wand of polymorph (19)
 f - a wand of digging (11)
 k - a wand of iceblast (9)
 q - a wand of random effects (26)
 P - a wand of acid (5)
 U - a wand of paralysis (11)
Scrolls
 b - 2 scrolls of fog
 c - 4 scrolls of magic mapping
 g - 3 scrolls of enchant weapon
 m - 5 scrolls of teleportation
 o - 5 scrolls of remove curse
 v - 3 scrolls of identify
 w - a scroll of enchant armour
 y - 3 scrolls of fear
 C - 3 scrolls of blinking
 D - 4 scrolls of amnesia
 E - 4 scrolls of immolation
 G - a scroll of summoning
 H - a scroll of holy word
 V - a scroll of acquirement {unknown}
 W - 2 scrolls of silence
Potions
 e - 2 potions of haste
 h - 10 potions of curing
 i - a potion of resistance {unknown}
 j - 4 potions of cancellation
 p - a potion of mutation
 r - 11 potions of ambrosia
 t - a potion of magic
 u - 2 potions of berserk rage
 z - 3 potions of brilliance
 A - 2 potions of heal wounds
 I - 3 potions of degeneration {unknown}
 K - 2 potions of lignification
 N - 2 potions of invisibility {unknown}
 R - 2 potions of flight {unknown}
 Y - 2 potions of attraction {unknown}
Miscellaneous
 T - a phantom mirror


   Skills:
 * Level 7.0 Fighting
 * Level 10.5 Throwing
 * Level 8.6 Dodging
 + Level 5.0 Stealth
 + Level 10.8 Unarmed Combat
 * Level 5.9 Evocations


You had 12 spell levels left.
You didn't know any spells.
Your spell library contained the following spells:

 Spells                   Type           Power        Failure   Level
 Animate Skeleton         Necr           #.....       34%         1
 Pain                     Necr           #...         34%         1
 Vampiric Draining        Necr           #.........   71%         3
 Animate Dead             Necr           #.........   98%         4
 Summon Lightning Spire   Summ/Air       #.......     98%         4
 Agony                    Necr           #.......     100%        5
 Silence                  Hex/Air        #.........   100%        5
 Conjure Ball Lightning   Conj/Air       #.........   100%        6
 Tornado                  Air            #.........   100%        9


Dungeon Overview and Level Annotations

Branches:
Dungeon (10/15)            Temple (0/1) D:7            Lair (5/6) D:9
 Shoals (0/4) Lair:4        Snake (0/4) Lair:3
  Slime: Lair:5-6       Orc: D:9-12

Altars:
Fedhas
Gozag

Shops:
D:4 *   D:6 ?

Annotations:
D:5 3 runed translucent doors, robertstho's ghost, amateur TrDe


Innate Abilities, Weirdness & Mutations

You are too large for most types of armour.
You have claws for hands.
Your natural rate of healing is unusually fast.
You are covered in fur. (AC +1)
You have extremely tough skin. (AC +3)


Message History

The eight-headed hydra misses you. The eight-headed hydra bites you!
The eight-headed hydra bites you.
The eight-headed hydra completely misses you.
The eight-headed hydra closely misses you.
Throw: large rock
Press: ? - help, Q - select action, (/) - cycle Shift-Dir - straight line, f/p - eight-headed hydra
Aim: an eight-headed hydra (heavily wounded)
You throw a large rock.
The large rock hits the eight-headed hydra.
The eight-headed hydra is heavily wounded.
A bullfrog comes into view.
The eight-headed hydra bites you. The eight-headed hydra bites you!
* * * LOW HITPOINT WARNING * * *
The eight-headed hydra bites you!
* * * LOW HITPOINT WARNING * * *
The eight-headed hydra bites you!
* * * LOW HITPOINT WARNING * * *
The eight-headed hydra misses you. The eight-headed hydra bites you!
You die...
Your body crumbles into a pile of gold.

#8.... ..... ..
#... ... #...##
.... ..P##.$.###
#...#
..........####....#
....F......8.....#
(.....##..h....##
(...(....(D@..#...
..........####.....
........... ..##
............ .#
..........#..
.....(...#.
......... .......


You could see an eight-headed hydra, a polar bear and a bullfrog (wandering).

Vanquished Creatures
  Gastronok (D:8)
  3 hydras
  3 two-headed ogres (D:8)
  A catoblepas (Lair:2)
  Urug (D:10)
  Nergalle (D:10)
  Pikel (D:8)
  A cyclops (D:9)
  A black mamba (Lair:2)
  Maurice (D:8)
  5 cane toads
  Psyche (D:10)
  A gargoyle (D:10)
  2 rime drakes
  Maggie (D:8)
  4 komodo dragons
  A queen bee (Lair:2)
  A polar bear (Lair:1)
  8 blink frogs
  Sigmund (D:2)
  18 yaks
  A spriggan (Lair:4)
  8 basilisks
  2 wyverns
  4 nagas (Lair:3)
  11 water moccasins
  2 orc warriors
  2 sky beasts
  3 ice beasts
  6 black bears
  A necrophage (D:8)
  9 ogres
  5 centaurs
  11 wolves
  A lemure (D:8)
  4 big kobolds
  14 bullfrogs
  3 wyvern skeletons
  2 scorpions (D:10)
  27 killer bees
  5 wights (D:10)
  A howler monkey (D:4)
  2 quasits
  A centaur skeleton (D:5)
  A jelly (D:6)
  5 hounds
  Crazy Yiuf (D:2)
  3 orc priests
  10 orc wizards
  2 iguanas
  7 worker ants
  Natasha (thrice) (D:3)
  A hound zombie (D:6)
  2 hound skeletons (D:8)
  4 gnolls (D:9)
  10 adders
  A shadow imp (D:5)
  4 white imps
  4 ufetubi
  An ooze (D:1)
  3 worms
  4 dart slugs
  6 leopard geckos
  58 orcs
  A ball python (D:2)
  6 bats
  5 giant cockroaches
  8 goblins
  4 hobgoblins
  9 jackals
  4 quokkas
  3 frilled lizards
  14 kobolds
  A leopard gecko zombie (D:8)
  8 rats
375 creatures vanquished.

Vanquished Creatures (others)
  An orc (D:8)
  7 fungi
  15 plants
23 creatures vanquished.

Grand Total: 398 creatures vanquished

Notes
Turn   | Place    | Note
-------+----------+-------------------------------------------
     0 | D:5      | marklar909 the Troll Delver began the quest for the Orb.
     0 | D:5      | Reached XP level 1. HP: 22/22 MP: 0/0
    15 | D:5      | Noticed a worker ant
    26 | D:5      | Killed a worker ant
    27 | D:5      | Reached XP level 2. HP: 17/29 MP: 1/1
   267 | D:5      | Reached XP level 3. HP: 22/36 MP: 2/2
   325 | D:5      | Noticed a sky beast
   364 | D:5      | Killed a sky beast
   365 | D:5      | Reached XP level 4. HP: 16/44 MP: 3/3
   365 | D:5      | Reached XP level 5. HP: 19/52 MP: 4/4
   572 | D:3      | Found an opulent altar of Gozag.
  1925 | D:3      | Became a worshipper of Gozag Ym Sagoz the Greedy
  1960 | D:3      | Noticed Natasha
  1967 | D:3      | Killed Natasha
  1967 | D:3      | Noticed Natasha
  1977 | D:3      | Killed Natasha
  1978 | D:3      | Reached XP level 6. HP: 61/61 MP: 5/5
  1981 | D:3      | Noticed Natasha
  1990 | D:3      | Killed Natasha
  2235 | D:3      | Found a faded altar of an unknown god.
  2626 | D:2      | Noticed Sigmund
  2634 | D:2      | Killed Sigmund
  2635 | D:2      | Reached XP level 7. HP: 67/67 MP: 6/6
  2886 | D:2      | Found a runed translucent door.
  2887 | D:2      | Noticed Crazy Yiuf
  3229 | D:2      | Paralysed by Crazy Yiuf for 7 turns
  3304 | D:2      | Killed Crazy Yiuf
  3695 | D:4      | Reached skill level 1 in Throwing
  3792 | D:4      | Found Ruhoraq's General Store.
  3961 | D:4      | Bought a scroll of random uselessness for 11 gold pieces
  3961 | D:4      | Bought a scroll of identify for 22 gold pieces
  3961 | D:4      | Bought a scroll of remove curse for 33 gold pieces
  3961 | D:4      | Bought a scroll of summoning for 104 gold pieces
  3961 | D:4      | Bought a scroll of teleportation for 33 gold pieces
  4197 | D:5      | Reached skill level 5 in Unarmed Combat
  4197 | D:5      | Reached skill level 1 in Evocations
  4295 | D:5      | You fall into a shaft and drop 3 floors!
  4296 | D:8      | Noticed a two-headed ogre
  4296 | D:8      | Noticed Maurice
  4299 | D:8      | Noticed Gastronok
  4384 | D:7      | Found a staircase to the Ecumenical Temple.
  4565 | D:5      | Reached XP level 8. HP: 74/78 MP: 7/7
  4856 | D:5      | Found a runed translucent gate.
  4856 | D:5      | Found a runed translucent gate.
  4856 | D:5      | Found a runed translucent gate.
  4856 | D:5      | Noticed robertstho's ghost (amateur TrDe)
  5177 | D:6      | Found Yseboqan's Magic Scroll Emporium.
  5186 | D:6      | Bought a scroll of blinking for 90 gold pieces
  5186 | D:6      | Bought a scroll of amnesia for 42 gold pieces
  5186 | D:6      | Bought a scroll of immolation for 42 gold pieces
  5186 | D:6      | Bought a scroll of blinking for 90 gold pieces
  5186 | D:6      | Bought a scroll of identify for 24 gold pieces
  5186 | D:6      | Bought a scroll of teleportation for 36 gold pieces
  5186 | D:6      | Bought a scroll of identify for 24 gold pieces
  5186 | D:6      | Bought a scroll of magic mapping for 42 gold pieces
  5186 | D:6      | Bought a scroll of identify for 24 gold pieces
  5958 | D:7      | Reached XP level 9. HP: 80/85 MP: 8/8
  6259 | D:8      | Noticed Pikel
  6280 | D:8      | Killed Pikel
  6424 | D:8      | Killed a two-headed ogre
  6425 | D:8      | Reached skill level 5 in Fighting
  6425 | D:8      | Reached skill level 5 in Dodging
  6448 | D:8      | Noticed a two-headed ogre
  6474 | D:8      | Noticed a two-headed ogre
  6510 | D:8      | Killed Gastronok
  6511 | D:8      | Reached XP level 10. HP: 70/96 MP: 9/9
  6987 | D:8      | Noticed Maggie
  7002 | D:8      | Killed Maggie
  7061 | D:8      | Reached skill level 5 in Throwing
  7641 | D:8      | Killed a two-headed ogre
  7751 | D:8      | Killed Maurice
  7801 | D:8      | Killed a two-headed ogre
  8129 | D:9      | Reached XP level 11. HP: 103/105 MP: 10/10
  8158 | D:9      | Found a staircase to the Lair.
  9013 | D:10     | Entered Level 10 of the Dungeon
  9292 | D:10     | Noticed Psyche
  9298 | D:10     | Killed Psyche
  9353 | D:10     | Noticed Nergalle
  9365 | D:10     | Noticed a spectral orc warlord
  9367 | D:10     | Killed Nergalle
  9475 | D:10     | Noticed Urug
  9486 | D:10     | Killed Urug
 10002 | Lair:1   | Entered Level 1 of the Lair of Beasts
 10139 | Lair:1   | Noticed a seven-headed hydra
 10149 | Lair:1   | Killed an eight-headed hydra
 10352 | Lair:1   | Reached skill level 10 in Unarmed Combat
 10437 | Lair:1   | Found a blossoming altar of Fedhas.
 10598 | Lair:1   | Reached XP level 12. HP: 114/114 MP: 11/11
 11635 | Lair:1   | Reached skill level 5 in Evocations
 12144 | Lair:2   | Noticed a catoblepas
 12319 | Lair:2   | Killed a catoblepas
 12709 | Lair:2   | Reached skill level 5 in Stealth
 13125 | Lair:3   | Noticed a five-headed hydra
 13130 | Lair:3   | Killed a five-headed hydra
 13205 | Lair:3   | Reached skill level 10 in Throwing
 13405 | Lair:3   | Found a staircase to the Snake Pit.
 13467 | Lair:3   | Noticed an eight-headed hydra
 13471 | Lair:3   | Killed an eight-headed hydra
 14027 | Lair:4   | Found a staircase to the Shoals.
 14242 | Lair:4   | Reached XP level 13. HP: 84/123 MP: 12/12
 14735 | Lair:5   | HP: 6/124 [eight-headed hydra (8)]
 14735 | Lair:5   | Slain by an eight-headed hydra

Illustrated notes

Levels and vault maps discovered:
D:1:      ncdulo_halloftheorcs, layout_basic
D:2:      layout_basic, ebering_dispersal_statue_hall, uniq_crazy_yiuf_cottage,
          uniq_sigmund
D:3:      layout_rooms, lemuel_round_altar, chequers_ecumenical_altar_grove,
          minmay_ruptured, uniq_natasha
D:4:      layout_basic, serial_shops, shop
D:5:      layout_loops_corners, gammafunk_ghost_necromancy, portal_sewer_entry_f
D:6:      cheibrodos_helix_gallery, layout_gridville, serial_shops,
          nicolae_shop_trees, st_stairs_11
D:7:      cheibrodos_quashed, layout_basic, minmay_temple_entry_wispy
D:8:      kennysheep_windowed_halls, layout_gridville, uniq_maggie,
          uniq_maurice, uniq_pikel, uniq_gastronok
D:9:      layout_gridville, lair_entry_dummy
D:10:     layout_irregular_city, uniq_psyche, uniq_nergalle, uniq_urug
Lair:1:   layout_cave_pods, basic_altar, beast_lair_carwin_11,
          grunt_megastairs_3, infiniplex_staircase_pool
Lair:2:   layout_roguey, special_room [special_room_bee], grunt_megastairs_2
Lair:3:   layout_big_grid, minmay_snake_entry_guardpost_small,
          grunt_megastairs_1, serial_bayou_shore_b
Lair:4:   wad_woods_04, layout_misc_corridors, shoals_dummy_entry
Lair:5:   gammafunk_lair_enchanted_lake, layout_layer_cave, beast_lair_carwin_7,
          grunt_megastairs_5, lemuel_fruit_fields

Skill      XL: |  1  2  3  4  5  6  7  8  9 10 11 12 13 |
---------------+----------------------------------------+-----
Stealth        | 3 4 5 |  5.0
Dodging        | 2 3 4 5 6 7 8 |  8.6
Unarmed Combat | 3 4 5 6 8 9 10 | 10.8
Fighting       | 3 4 5 6 7 |  7.0
Throwing       | 1 2 4 5 9 10 | 10.5
Evocations     | 1 2 3 4 5 |  5.9

Action                   |  1- 3 |  4- 6 |  7- 9 | 10-12 | 13-15 || total
-------------------------+-------+-------+-------+-------+-------++-------
Melee: Unarmed           |    21 |   174 |   271 |   549 |    18 ||  1033
       Punch             |       |       |     9 |    34 |     1 ||    44
Throw: Boomerang         |       |       |    23 |   196 |       ||   219
       Large rock        |       |       |       |    57 |     4 ||    61
       Javelin           |       |       |       |    94 |     8 ||   102
Invok: Potion Petition   |       |       |     1 |     2 |       ||     3
Evoke: Wand              |       |       |       |     6 |       ||     6
  Use: Scroll            |       |       |    17 |    10 |       ||    27
       Potion            |       |       |     3 |     2 |       ||     5
 Stab: Sleeping          |     1 |    11 |     8 |     5 |     1 ||    26
       Distracted        |       |       |     1 |     4 |       ||     5
Armor: Robe              |     7 |    50 |    78 |    15 |       ||   150
       Steam dragon scal |       |       |       |   221 |     6 ||   227
Dodge: Dodged            |     9 |    82 |   183 |   618 |    11 ||   903
       Repelled          |       |     2 |       |     3 |     1 ||     6

Table legend: (Time is in decaauts)
 A = Elapsed time spent in this place.
 B = Non-inter-level travel time spent in this place.
 C = Inter-level travel time spent in this place.
 D = Time resting spent in this place.
 E = Time spent auto-exploring this place.
 F = Levels seen in this place.
 G = Mean time per level.
                   A        B        C        D        E       F      G
               +--------+--------+--------+--------+--------+-----+--------+
         Total |  14966 |  13729 |   1237 |    651 |  10301 |  15 |  997.7 |
       Dungeon |  10045 |   8956 |   1089 |    295 |   6639 |  10 | 1004.5 |
          Lair |   4920 |   4773 |    147 |    356 |   3662 |   5 |  984.0 |
               +--------+--------+--------+--------+--------+-----+--------+

Top non-repeatable levels by time:
  Lair:1: 1762 daAuts
     D:2: 1625 daAuts
     D:8: 1603 daAuts
  Lair:2: 1422 daAuts
     D:5: 1260 daAuts
     D:9: 1039 daAuts
    D:10: 977 daAuts
     D:6: 935 daAuts
  Lair:4: 907 daAuts
  Lair:3: 806 daAuts
     D:1: 751 daAuts
     D:3: 659 daAuts
     D:7: 629 daAuts
     D:4: 563 daAuts
  Lair:5: 21 daAuts
